 Dungeon Crawl Stone Soup version 0.29-a0-813-g4a14ea37d6 (webtiles) character file.

Game seed: 14900167791476894932

1883 wilfster70 the Spear-Bearer (level 9, -3/47 (51) HPs)
             Began as a Merfolk Ice Elementalist on July 4, 2022.
             Was a Follower of Okawaru.
             Slain by a wight
             ... wielding a +0 dire flail
              (11 damage)
             ... on level 7 of the Dungeon.
             The game lasted 00:18:07 (7895 turns).

wilfster70 the Spear-Bearer (MfIE)                  Turns: 7895, Time: 00:18:07

HP:   -3/47 (51)    AC: 13    Str:  9    XL:     9   Next: 14%
MP:   16/18         EV: 12    Int: 19    God:    Okawaru [*.....]
Gold: 362           SH:  0    Dex: 14    Spells: 13/20 levels left

rFire   . . .      SeeInvis .   a - +2 trident (freeze)
rCold   . . .      Faith    .   (no shield)
rNeg    . . .      Spirit   .   h - +2 leather armour {rPois}
rPois   +          Reflect  .   (helmet restricted)
rElec   .          Harm     .   z - +0 cloak
rCorr   +          Rampage  .   (no gloves)
Will    .....                   A - +2 pair of boots of Ehill {rCorr Str+2 Int+2 Dex-5}
Stlth   ++........              (no amulet)
HPRegen 0.15/turn               p - +4 ring of protection
MPRegen 0.16/turn               (no ring)

@: about to teleport, drained
A: (nimble swimmer 2), mertail, horns 1, agile 1, frail 1
a: Renounce Religion, Heroism


You were on level 7 of the Dungeon.
You worshipped Okawaru.
Okawaru was aware of your devotion.
You visited 2 branches of the dungeon, and saw 8 of its levels.

You collected 362 gold pieces.

Inventory:

Hand Weapons
 a - a +2 trident of freezing (weapon)
Missiles
 f - 7 boomerangs
 v - 4 curare-tipped darts
Armour
 h - a +2 leather armour of poison resistance (worn)
 u - a +1 leather armour of willpower
 y - a +0 robe of resistance
 z - a +0 cloak (worn)
 A - the +2 pair of boots of Ehill (worn) {rCorr Str+2 Int+2 Dex-5}
   (You found it on level 7 of the Dungeon)

   Str:       It affects your strength (+2).
   Int:       It affects your intelligence (+2).
   Dex:       It affects your dexterity (-5).
   rCorr:     It protects you from acid and corrosion.
Jewellery
 g - a ring of positive energy
 p - a +4 ring of protection (left hand)
Wands
 n - a wand of iceblast (14)
 x - a wand of flame (29)
Scrolls
 k - a scroll of fog
 q - 2 scrolls of teleportation
Potions
 b - a potion of magic
 c - a potion of brilliance
 d - 3 potions of curing
 e - a potion of haste
 i - a potion of invisibility
 j - 2 potions of flight
 l - a potion of berserk rage {unknown}
 m - 2 potions of mutation
 o - a potion of might {unknown}
 r - a potion of ambrosia {unknown}
 s - 3 potions of attraction {unknown}
 t - a potion of heal wounds {unknown}
 w - 3 potions of cancellation {unknown}


   Skills:
 * Level 10.5 Polearms
 - Level 2.6 Dodging
 - Level 2.1 Stealth
 - Level 6.0 Spellcasting
 - Level 6.0 Ice Magic
 + Level 4.0 Invocations


You had 13 spell levels left.
You knew the following spells:

 Your Spells              Type           Power      Damage    Failure   Level
a - Freeze                Ice            100%       1d11      1%          1
b - Frozen Ramparts       Ice            56%        1d7       4%          3
c - Ozocubu's Armour      Ice            28%        N/A       4%          3

Your spell library contained the following spells:

 Spells                   Type           Power      Damage    Failure   Level
 Hailstorm                Conj/Ice       17%        3d6       41%         4
 Conjure Flame            Conj/Fire      5%         6-21      43%         3
 Ignite Poison            Fire/Tmut/Pois 5%         N/A       43%         3
 Mephitic Cloud           Conj/Pois/Air  5%         N/A       43%         3
 Sticky Flame             Conj/Fire      5%         2d3       83%         4
 Freezing Cloud           Conj/Ice/Air   6%         6-21      88%         5
 Blade Hands              Tmut           2%         N/A       99%         5
 Iron Shot                Conj/Erth      2%         9d2       100%        6
 Animate Armour           Summ/Erth      Unusable   N/A       N/A         4

Dungeon Overview and Level Annotations

Branches:
Dungeon (7/15)             Temple (1/1) D:6

Altars:
Cheibriados
Elyvilon
Makhleb
Okawaru
Qazlal
Ru
Sif Muna
Trog
Uskayaw
Wu Jian

Annotations:
D:5 Menkaure
D:7 Prince Ribbit


Innate Abilities, Weirdness & Mutations

((You are very nimble when in or above water. (Stealth+, EV+, Speed+++)))
Your lower body shifts to a powerful aquatic tail in water.
You have a pair of small horns on your head.
You are agile. (Dex +4, Str/Int -1)
You are frail. (-10% HP)


Message History

The wight resists.
The wall freezes the wight.
The wight misses you.
The wight resists.
The wall freezes the wight.
The wight resists.
The wall freezes the wight.
You hit the wight.
You headbutt the wight, but do no damage.
The wight is moderately damaged.
You hit the wight but do no damage.
You headbutt the wight, but do no damage.
The wight is moderately damaged.
The wight resists.
The wall freezes the wight.
The wight resists.
The wall freezes the wight.
The wight resists.
The wall freezes the wight.
You hit the wight.
The wight is severely damaged.
The wight completely resists.
The wall freezes the wight but does no damage.
The wight hits you with a +4 dagger!
The wight completely resists.
The wall freezes the wight but does no damage.
The wight resists.
The wall freezes the wight.
The wight resists.
The wall freezes the wight.
You closely miss the wight.
The wight is severely damaged.
The wight resists.
The wall freezes the wight.
The wight hits you with a +4 dagger!
You feel drained.
The wight resists.
The wall freezes the wight.
The wight resists.
The wall freezes the wight.
The wight hits you with a +4 great sword!
You feel drained.
* * * LOW HITPOINT WARNING * * *
The wight completely resists.
The wall freezes the wight but does no damage.
The wight barely misses you.
You are too injured to fight recklessly!
Your frozen ramparts will break if you move.
Continue?
The frozen ramparts melt away as you move.
The wight hits you with a +4 dagger.
* * * LOW HITPOINT WARNING * * *
The wight barely misses you.
As you read the scroll of teleportation, it crumbles to dust.
You feel strangely unstable. The wight hits you but does no damage.
The wight hits you with a +0 dire flail!
You die...

........#.......
......z.#.?..[.
.......##...###
.......#....#
.......#....#
.......#....# ###########
............###.........#
..............#z........#
.............zzz@.......#
...##..#....###z.....<..#
#......#....# #.........#
......)#....# ###########
............#
.......####.# .......#
#.# ..##... #.# .....#
...


You could see 5 wights.

Vanquished Creatures
  Sigmund (D:3)
  Eustachio (D:4)
  A water moccasin (D:6)
  An ice beast (D:6)
  A black bear (D:5)
  2 ogres
  A centaur (D:5)
  A phantom (D:6)
  A bullfrog (D:6)
  A gnoll sergeant (D:6)
  3 scorpions (D:6)
  4 hounds
  An orc priest (D:6)
  A gnoll bouda (D:5)
  Ijyb (D:3)
  Natasha (thrice) (D:4)
  2 iguanas
  2 orc wizards (D:4)
  6 adders
  13 gnolls
  2 shadow imps
  An ufetubus (D:5)
  2 worms (D:2)
  2 dart slugs
  18 orcs
  6 ball pythons
  11 endoplasms
  6 giant cockroaches
  4 hobgoblins
  3 jackals (D:2)
  6 kobolds
  4 quokkas
  5 bats
  4 frilled lizards
  5 goblins
  6 rats
132 creatures vanquished.

Vanquished Creatures (collateral kills)
  A quokka (D:1)
1 creature vanquished.

Vanquished Creatures (others)
  A plant (D:6)
1 creature vanquished.

Grand Total: 134 creatures vanquished

Notes
Turn   | Place    | Note
-------+----------+-------------------------------------------
     0 | D:1      | wilfster70 the Merfolk Ice Elementalist began the quest for
                  | the Orb.
     0 | D:1      | Reached XP level 1. HP: 13/13 MP: 3/3
   247 | D:1      | Reached XP level 2. HP: 18/19 MP: 3/5
   366 | D:1      | Found a faded altar of an unknown god.
   732 | D:1      | Reached skill level 5 in Ice Magic
   732 | D:1      | Reached XP level 3. HP: 24/24 MP: 4/7
   738 | D:1      | Learned a level 3 spell: Frozen Ramparts
   742 | D:1      | Learned a level 3 spell: Ozocubu's Armour
  1765 | D:2      | Reached XP level 4. HP: 30/30 MP: 6/8
  2533 | D:3      | Noticed Sigmund
  2549 | D:3      | Gained mutation: You have a pair of small horns on your
                  | head. [potion of mutation]
  2549 | D:3      | Gained mutation: You are frail. (-10% HP) [potion of
                  | mutation]
  2549 | D:3      | Gained mutation: You are agile. (Dex +4, Str/Int -1)
                  | [potion of mutation]
  2551 | D:3      | Killed Sigmund
  2552 | D:3      | Reached XP level 5. HP: 15/31 MP: 0/11
  2552 | D:3      | Reached XP level 6. HP: 18/36 MP: 0/12
  2787 | D:3      | Noticed Ijyb
  2795 | D:3      | Killed Ijyb
  3353 | D:4      | Reached skill level 5 in Spellcasting
  3573 | D:4      | Noticed Eustachio
  3638 | D:4      | Reached skill level 1 in Polearms
  3948 | D:4      | Noticed Natasha
  3955 | D:4      | Killed Natasha
  3956 | D:4      | Reached skill level 2 in Polearms
  3958 | D:4      | Found a hide-covered altar of Uskayaw.
  4384 | D:4      | Killed Eustachio
  4385 | D:4      | Reached skill level 3 in Polearms
  4385 | D:4      | Reached XP level 7. HP: 32/41 MP: 0/15
  4546 | D:4      | Noticed Natasha
  4553 | D:4      | Killed Natasha
  4619 | D:4      | Noticed Natasha
  4626 | D:4      | Killed Natasha
  4692 | D:5      | Entered Level 5 of the Dungeon
  4705 | D:4      | Reached skill level 4 in Polearms
  4867 | D:5      | Reached skill level 5 in Polearms
  4882 | D:5      | Found a snail-covered altar of Cheibriados.
  5113 | D:5      | Noticed Menkaure
  5323 | D:5      | Reached skill level 6 in Polearms
  5323 | D:5      | Reached XP level 8. HP: 46/46 MP: 12/17
  5435 | D:5      | Reached skill level 7 in Polearms
  5693 | D:6      | Found a staircase to the Ecumenical Temple.
  5716 | Temple   | Entered the Ecumenical Temple
  5737 | Temple   | Became a worshipper of Warmaster Okawaru
  5901 | D:6      | Reached skill level 8 in Polearms
  5901 | D:6      | Reached skill level 1 in Invocations
  6904 | D:6      | Reached skill level 9 in Polearms
  6930 | D:6      | Found a white marble altar of Elyvilon.
  7034 | D:6      | Reached * piety under Okawaru
  7221 | D:6      | Reached skill level 10 in Polearms
  7221 | D:6      | Reached XP level 9. HP: 51/51 MP: 14/18
  7850 | D:7      | Identified the +2 pair of boots of Ehill {rCorr Str+2 Int+2
                  | Dex-5}
  7869 | D:7      | Noticed Prince Ribbit
  7895 | D:7      | Slain by a wight

Illustrated notes

Levels and vault maps discovered:
D:1:      dpeg_arrival_stonehenge_8_columns, layout_rooms,
          basic_ecumenical_altar
D:2:      layout_loops_corners, nicolae_elevator_lobby_plus
D:3:      layout_basic, uniq_ijyb, uniq_sigmund
D:4:      layout_basic, eat_drink_and_be_merry_uskayaw, uniq_natasha,
          uniq_eustachio
D:5:      layout_gridville, cheibriados_altar_1, uniq_menkaure
D:6:      wander_river, layout_basic, mainiacjoe_overflow_alcove_1,
          minmay_temple_entry_overgrown
D:7:      layout_rooms, old_standard_altar, grunt_temple_overflow_open,
          uniq_joseph, uniq_prince_ribbit1, uniq_crazy_yiuf_cottage
Temple:   eino_temple_water

Skill      XL: |  1  2  3  4  5  6  7  8  9 |
---------------+----------------------------+-----
Ice Magic      | 5 6 |  6.0
Spellcasting   | 3 4 5 6 |  6.0
Polearms       | 3 6 10 | 10.5
Invocations    | 3 4 |  4.0
Dodging        | |  2.6
Stealth        | |  2.1

Action                   |  1- 3 |  4- 6 |  7- 9 || total
-------------------------+-------+-------+-------++-------
Melee: Unarmed           |     4 |       |       ||     4
       Dagger            |     2 |    16 |    70 ||    88
       Headbutt          |       |     4 |    39 ||    43
       Punch             |       |       |     4 ||     4
       Spear             |       |       |    66 ||    66
       Trident           |       |       |    43 ||    43
Throw: Dart              |       |       |     2 ||     2
       Boomerang         |       |       |     2 ||     2
 Cast: Freeze            |    42 |    48 |    12 ||   102
       Frozen Ramparts   |     4 |    18 |    29 ||    51
       Ozocubu's Armour  |       |     1 |     4 ||     5
  Use: Scroll            |     7 |     3 |     6 ||    16
       Potion            |       |     3 |     2 ||     5
 Stab: Sleeping          |       |     1 |     1 ||     2
Armor: Robe              |     8 |    13 |       ||    21
       Leather armour    |       |     7 |    55 ||    62
Dodge: Dodged            |    18 |    35 |    94 ||   147

Table legend: (Time is in decaauts)
 A = Elapsed time spent in this place.
 B = Non-inter-level travel time spent in this place.
 C = Inter-level travel time spent in this place.
 D = Time resting spent in this place.
 E = Time spent auto-exploring this place.
 F = Levels seen in this place.
 G = Mean time per level.
                   A        B        C        D        E       F      G
               +--------+--------+--------+--------+--------+-----+--------+
         Total |   7816 |   7607 |    209 |   2099 |   3383 |   8 |  977.0 |
       Dungeon |   7790 |   7589 |    201 |   2099 |   3379 |   7 | 1112.9 |
        Temple |     26 |     18 |      8 |      0 |      3 |   1 |   26.0 |
               +--------+--------+--------+--------+--------+-----+--------+

Top non-repeatable levels by time:
     D:6: 1846 daAuts
     D:4: 1311 daAuts
     D:3: 1246 daAuts
     D:2: 1227 daAuts
     D:1: 949 daAuts
     D:5: 945 daAuts
     D:7: 263 daAuts
  Temple: 26 daAuts
